 Dungeon Crawl Stone Soup version 0.29-a0-344-ge2f44be95a (webtiles) character file.

Game seed: 10581750146915241148

2924 croobank the Firebug (level 9, -7/74 HPs)
             Began as a Pale Draconian Fire Elementalist on Apr 21, 2022.
             Was a High Priest of Vehumet.
             Succumbed to a wolf spider's poison
             ... on level 7 of the Dungeon.
             The game lasted 00:32:28 (9975 turns).

croobank the Firebug (DrFE)                         Turns: 9975, Time: 00:32:28

Health: -7/74      AC: 14    Str: 10    XL:     9   Next: 50%
Magic:  7/18       EV: 17    Int: 26    God:    Vehumet [*****.]
Gold:   385        SH:  0    Dex: 12    Spells: 4/18 levels left

rFire   . . .      SeeInvis .   r - +0 hand axe (chaos)
rCold   . . .      Faith    +   (no shield)
rNeg    . . .      Spirit   .   (body armour unavailable)
rPois   .          Reflect  .   I - +2 hat
rElec   .          Harm     .   (no cloak)
rCorr   .          Rampage  .   k - +1 Delatra's gloves {ID++}
Will    .....                   M - +2 pair of boots {Fly}
Stlth   +++.......              j - amulet of faith
HPRegen 0.22/turn               v - +6 ring of intelligence
MPRegen 0.16/turn               G - +4 ring of evasion

@: lethally poisoned (-7 -> -44), flying
A: breathe steam, AC +7, unfitting armour, cold-blooded, steam resistance, horns
1, high MP 1
a: Breathe Steam, Renounce Religion


You were on level 7 of the Dungeon.
You worshipped Vehumet.
Vehumet was extremely pleased with you.
You visited 1 branch of the dungeon, and saw 7 of its levels.
You also visited: Ossuary.

You collected 385 gold pieces.

Inventory:

Hand Weapons
 a - a +0 dagger of freezing
 b - a +0 morningstar
 d - a +4 vorpal flail
 r - a +0 hand axe of chaos (weapon)
 y - a +0 vorpal mace
 E - a +1 flail of protection
 J - a +0 antimagic whip
 L - a +0 short sword of electrocution
Missiles
 e - 81 stones
 g - 12 poisoned darts
 s - a throwing net
 K - 9 boomerangs of dispersal (quivered)
Armour
 k - the +1 Delatra's gloves (worn) {ID++}
   (You found it on level 2 of the Dungeon)

   It heals its wearer when they drink unknown potions.
   It restores its wearer's MP when they read unknown scrolls.
 I - a +2 hat (worn)
 M - a +2 pair of boots of flying (worn)
Jewellery
 j - an amulet of faith (around neck)
 v - a +6 ring of intelligence (left hand)
 x - a ring of fire
 G - a +4 ring of evasion (right hand)
 H - a +4 ring of evasion
Wands
 m - a wand of iceblast (9)
 w - a wand of flame (14)
 N - a wand of mindburst (3)
Scrolls
 f - a scroll of fog
 h - 5 scrolls of blinking
 n - 2 scrolls of noise
 o - 4 scrolls of teleportation
 u - a scroll of summoning
 D - a scroll of fear
 P - a scroll of enchant armour
 Q - a scroll of enchant weapon {unknown}
Potions
 c - 3 potions of degeneration
 i - 2 potions of ambrosia
 l - 4 potions of mutation
 p - 2 potions of brilliance
 q - 3 potions of attraction
 t - 2 potions of magic
 z - 3 potions of curing
 A - 2 potions of berserk rage {unknown}
 B - 2 potions of haste
 C - a potion of resistance {unknown}
 F - a potion of cancellation
 O - a potion of lignification {unknown}


   Skills:
 + Level 5.2 Fighting
 + Level 5.2 Dodging
 + Level 5.8 Stealth
 + Level 5.3 Spellcasting
 + Level 5.4 Conjurations
 + Level 6.7 Fire Magic


You had 4 spell levels left.
You knew the following spells:

 Your Spells              Type           Power      Damage    Failure   Level
a - Foxfire               Conj/Fire      100%       2x1d9     1%          1
b - Scorch                Fire           84%        2d9       1%          2
c - Flame Wave            Conj/Fire      38%        2d9       1%          4
d - Searing Ray           Conj           70%        2d7       1%          2
e - Static Discharge      Conj/Air       21%        N/A       1%          2
f - Stone Arrow           Conj/Erth      42%        3d9       2%          3

Your spell library contained the following spells:

 Spells                   Type           Power      Damage    Failure   Level
 Conjure Flame            Conj/Fire      38%        6-21      1%          3
 Inner Flame              Hex/Fire       24%        N/A       1%          3
 Pain                     Necr           24%        1d5       8%          1
 Sublimation of Blood     Necr           6%         N/A       12%         2
 Petrify                  Tmut/Erth      6%         N/A       58%         4
 Summon Ice Beast         Ice/Summ       6%         N/A       58%         4
 Irradiate                Conj/Tmut      10%        3d16      17%         5
 Agony                    Necr           6%         N/A       91%         5
 Excruciating Wounds      Necr           3%         N/A       91%         5
 Summon Mana Viper        Hex/Summ       6%         N/A       91%         5
 Monstrous Menagerie      Summ           3%         N/A       100%        7


Dungeon Overview and Level Annotations

Branches:
Dungeon (7/15)             Temple (0/1) D:7         Ossuary (visited)

Altars:
Vehumet

Shops:
D:2 !

Annotations:
D:4 3 runed translucent doors, hgbash's ghost, amateur GnEE; mnm's ghost, amateur FoFi; spaghetti's ghost, amateur OgMo


Innate Abilities, Weirdness & Mutations

You can breathe blasts of scalding, opaque steam.
Your pale cyan-grey scales are hard. (AC +7)
You cannot fit into any form of body armour.
You are cold-blooded and may be slowed by cold attacks.
You are immune to the effects of steam.
You have a pair of small horns on your head.
You have an increased reservoir of magic. (+10% MP)


Message History

The yaktaur's fire resistance burns away.
The yaktaur changes into a moth of wrath!
Casting: Scorch (safe; 1% risk of failure)
Confirm with . or Enter, or press ? or * to list all spells.
Flames lash the moth of wrath.
The moth of wrath is moderately wounded.
The moth of wrath's fire resistance burns away.
The moth of wrath bites you.
Casting: Scorch (safe; 1% risk of failure)
Confirm with . or Enter, or press ? or * to list all spells.
Flames lash the moth of wrath.
The moth of wrath is burned terribly!
The moth of wrath is severely wounded.
The moth of wrath changes into a torpor snail!
Casting: Scorch (safe; 1% risk of failure)
Confirm with . or Enter, or press ? or * to list all spells.
Flames lash the torpor snail but do no damage.
The torpor snail changes into a wolf spider!
Casting: Scorch (safe; 1% risk of failure)
Confirm with . or Enter, or press ? or * to list all spells.
Flames lash the wolf spider.
The wolf spider is lightly wounded.
The wolf spider's fire resistance burns away.
The wolf spider hits you! The wolf spider misses you.
Casting: Scorch (safe; 1% risk of failure)
Confirm with . or Enter, or press ? or * to list all spells.
Flames lash the wolf spider.
The wolf spider is burned terribly!
The wolf spider is heavily wounded.
The wolf spider closely misses you. The wolf spider bites you.
You are poisoned.
The wolf spider poisons you! The wolf spider hits you!!
The wolf spider bites you.
You are more poisoned.
The wolf spider poisons you!
As you read the scroll of fear, it crumbles to dust.
You assume a fearsome visage.
The wolf spider looks frightened!
* * * LOW HITPOINT WARNING * * *
You feel extremely sick.
* * * LOW HITPOINT WARNING * * *
You feel extremely sick.
You die...

##. # #.. # #s. #
#.# # #.# # #.# #
#.# ### ### ##
#.###.#######.#
##.
#.@......<..#.#
#..
###########.#.#
#.# #.#.###.#
#.#.##... #####
#.#.#.... ##...##
#.#......
#.###.###.#......
#.#.......##>....
#.#.#.#######....


You could see a wolf spider shaped shifter (fleeing, combustible).

Vanquished Creatures
  Sigmund (D:5)
  A wraith (D:5)
  Edmund (D:5)
  Duvessa (D:7)
  2 black bears
  2 ice beasts
  3 sky beasts
  An ogre (D:7)
  3 centaurs
  2 phantoms
  2 kobold brigands
  A bullfrog (D:6)
  A necrophage (D:5)
  A scorpion (D:4)
  Dowan (D:7)
  2 jellies
  3 hounds (D:6)
  3 human zombies (Ossuary)
  Natasha (twice) (D:3)
  Ijyb (D:4)
  5 iguanas
  An orc wizard (D:6)
  A hound skeleton (D:2)
  2 mummies (Ossuary)
  Robin (D:2)
  4 gnolls (D:4)
  9 adders
  A white imp (D:7)
  5 adder zombies
  2 worms
  3 dart slugs
  29 orcs
  8 bats
  A bat zombie (D:2)
  5 endoplasms
  3 giant cockroaches
  14 goblins
  20 hobgoblins
  6 jackals
  18 kobolds
  7 quokkas
  10 ball pythons
  A ball python skeleton (D:2)
  5 frilled lizards
  8 hobgoblin zombies (Ossuary)
  8 kobold zombies (Ossuary)
  10 orc zombies (Ossuary)
  A quokka zombie (D:2)
  6 rats
  4 rat zombies (Ossuary)
232 creatures vanquished.

Vanquished Creatures (collateral kills)
  A foxfire (D:2)
1 creature vanquished.

Vanquished Creatures (others)
  205 foxfires
  8 withered plants
213 creatures vanquished.

Grand Total: 446 creatures vanquished

Notes
Turn   | Place    | Note
-------+----------+-------------------------------------------
     0 | D:1      | croobank the Draconian Fire Elementalist began the quest
                  | for the Orb.
     0 | D:1      | Reached XP level 1. HP: 14/14 MP: 3/3
   220 | D:1      | Reached XP level 2. HP: 20/20 MP: 1/5
   225 | D:1      | Learned a level 2 spell: Scorch
   434 | D:1      | Found a faded altar of an unknown god.
   721 | D:1      | Reached XP level 3. HP: 24/26 MP: 3/6
  1650 | D:2      | Reached XP level 4. HP: 29/33 MP: 2/7
  1655 | D:2      | Learned a level 4 spell: Flame Wave
  1988 | D:2      | Found a radiant altar of Vehumet.
  2159 | D:2      | Became a worshipper of Vehumet
  2165 | D:2      | Noticed Robin
  2376 | D:2      | Killed Robin
  2377 | D:2      | Reached XP level 5. HP: 22/38 MP: 2/9
  2651 | D:2      | Found Direut's Distillery.
  2933 | D:2      | Found the +1 Delatra's gloves {ID++}
  3079 | D:3      | Gained mutation: You have a pair of small horns on your
                  | head. [potion of mutation]
  3079 | D:3      | Gained mutation: You have an increased reservoir of magic.
                  | (+10% MP) [potion of mutation]
  3239 | D:3      | Reached * piety under Vehumet
  3239 | D:3      | Offered knowledge of Sandblast by Vehumet.
  3399 | D:3      | Noticed Natasha
  3403 | D:3      | Killed Natasha
  3647 | D:3      | Noticed Natasha
  3652 | D:3      | Killed Natasha
  3862 | D:4      | Reached skill level 1 in Fighting
  4217 | D:4      | Noticed Ijyb
  4233 | D:4      | Killed Ijyb
  4234 | D:4      | Reached XP level 6. HP: 16/47 MP: 1/11
  4527 | D:4      | Found a runed translucent gate.
  4528 | D:4      | Found a runed translucent gate.
  4528 | D:4      | Found a runed translucent gate.
  4529 | D:4      | Noticed mnm's ghost (amateur FoFi)
  4529 | D:4      | Noticed spaghetti's ghost (amateur OgMo)
  4529 | D:4      | Noticed hgbash's ghost (amateur GnEE)
  4605 | D:4      | Reached ** piety under Vehumet
  4605 | D:4      | Offered knowledge of Searing Ray by Vehumet.
  4606 | D:4      | Reached skill level 4 in Fire Magic
  4834 | D:4      | Learned a level 2 spell: Searing Ray
  5444 | D:5      | Entered Level 5 of the Dungeon
  5485 | D:5      | Noticed a wraith
  5489 | D:5      | Your scales start taking on a pale cyan-grey colour.
  5489 | D:5      | Reached XP level 7. HP: 37/55 MP: 5/13
  5489 | D:5      | Gained mutation: You are immune to the effects of steam.
                  | [Pale Draconian growth]
  5512 | D:5      | Killed a wraith
  5808 | D:5      | Found a sand-covered staircase.
  5815 | Ossuary  | Entered an ossuary
  5928 | Ossuary  | Offered knowledge of Static Discharge by Vehumet.
  6038 | Ossuary  | Reached *** piety under Vehumet
  6049 | Ossuary  | Learned a level 2 spell: Static Discharge
  6132 | Ossuary  | Reached skill level 5 in Fire Magic
  6132 | Ossuary  | Offered knowledge of Fulminant Prism by Vehumet.
  6835 | D:5      | Reached XP level 8. HP: 63/63 MP: 12/15
  6912 | D:5      | Noticed Sigmund
  6914 | D:5      | Noticed Edmund
  6938 | D:5      | HP: 2/63 [Edmund/+4 vorpal flail (10)]
  6945 | D:5      | Killed Edmund
  6945 | D:5      | Reached **** piety under Vehumet
  6947 | D:5      | Killed Sigmund
  7450 | D:6      | Offered knowledge of Stone Arrow by Vehumet.
  7451 | D:6      | Reached skill level 6 in Fire Magic
  7455 | D:6      | Learned a level 3 spell: Stone Arrow
  7493 | D:6      | Reached skill level 5 in Stealth
  8155 | D:6      | Reached XP level 9. HP: 72/72 MP: 15/17
  8587 | D:6      | Reached skill level 5 in Conjurations
  8902 | D:7      | Reached skill level 5 in Dodging
  8902 | D:7      | Reached skill level 5 in Spellcasting
  9240 | D:7      | Reached skill level 5 in Fighting
  9384 | D:7      | Identified the +3 ring mail of Pan-Flutes {Drain rPois
                  | rF+++ Dex-3}
  9676 | D:7      | Noticed Duvessa
  9677 | D:7      | Noticed Dowan
  9684 | D:7      | Killed Duvessa
  9684 | D:7      | Reached ***** piety under Vehumet
  9684 | D:7      | Killed Dowan
  9781 | D:7      | Found a staircase to the Ecumenical Temple.
  9950 | D:7      | Noticed a glowing shapeshifter
  9950 | D:7      | an ice beast changed into a glowing shapeshifter
  9950 | D:7      | Noticed an eye of devastation
  9950 | D:7      | a glowing shapeshifter changed into an eye of devastation
  9953 | D:7      | Noticed an elephant
  9953 | D:7      | an eye of devastation changed into an elephant
  9954 | D:7      | Noticed a steelbarb worm
  9954 | D:7      | an elephant changed into a steelbarb worm
  9955 | D:7      | Noticed a faun
  9955 | D:7      | a steelbarb worm changed into a faun
  9958 | D:7      | a faun changed into a culicivora
  9960 | D:7      | Noticed a glowing shapeshifter
  9960 | D:7      | a culicivora changed into a glowing shapeshifter
  9961 | D:7      | Noticed an elephant
  9961 | D:7      | a glowing shapeshifter changed into an elephant
  9966 | D:7      | Noticed a yaktaur
  9966 | D:7      | an elephant changed into a yaktaur
  9967 | D:7      | Noticed a moth of wrath
  9967 | D:7      | a yaktaur changed into a moth of wrath
  9969 | D:7      | Noticed a torpor snail
  9969 | D:7      | a moth of wrath changed into a torpor snail
  9970 | D:7      | Noticed a wolf spider
  9970 | D:7      | a torpor snail changed into a wolf spider
  9974 | D:7      | HP: 1/74 [poisoned by a wolf spider]
  9975 | D:7      | Succumbed to a wolf spider's poison

Illustrated notes

Levels and vault maps discovered:
D:1:      mrwooster_arrival_statue_2, layout_basic,
          shapermc_ecumenical_altar_flowoftime, nrook_campfire,
          minmay_misc_feat_hallway
D:2:      layout_rooms, basic_altar, serial_undead, serial_undead_a,
          serial_undead_b, serial_undead_a, serial_undead_d, serial_shops, shop,
          serial_bayou_pond_d, minmay_octomino_j4, uniq_robin
D:3:      minmay_wonky_spiral, layout_rooms, uniq_natasha
D:4:      cheibrodos_quashed, layout_basic, gammafunk_ghost_cemetery,
          hangedman_decor_riveting, hangedman_abyss_or_decor_slice,
          grunt_ministairs_2, hangedman_abyss_or_decor_jellyfish_corner,
          interstate_on_off, amcnicky_mini_pool_small, uniq_ijyb
D:5:      layout_basic, chequers_ossuary_entry_cave, sigmund_edmund_badplayer
D:6:      layout_gridville, grunt_ministairs_4, minmay_unpleasant_kobolds,
          uniq_sigmund
D:7:      dreamdust_elfheim, layout_loops_ring, minmay_temple_entry_offerings,
          chequers_serial_rivers_micro_b, chequers_decorated_corner,
          serial_park_tiny_1, kennysheep_generic_room_14,
          uniq_crazy_yiuf_cottage

Skill      XL: |  1  2  3  4  5  6  7  8  9 |
---------------+----------------------------+-----
Stealth        | 2 3 4 5 |  5.8
Dodging        | 2 3 4 5 |  5.2
Conjurations   | 2 3 4 5 |  5.4
Spellcasting   | 3 4 5 |  5.3
Fighting       | 1 2 3 4 5 |  5.2
Fire Magic     | 4 5 6 |  6.7

Action                   |  1- 3 |  4- 6 |  7- 9 || total
-------------------------+-------+-------+-------++-------
Melee: Unarmed           |    17 |       |       ||    17
       Tailslap          |     2 |     9 |    30 ||    41
       Dagger            |     7 |    64 |       ||    71
       Punch             |     1 |     2 |     4 ||     7
       Hand axe          |       |    18 |   197 ||   215
       Headbutt          |       |     2 |    58 ||    60
       Flail             |       |       |    79 ||    79
Throw: Throwing net      |       |     1 |       ||     1
       Boomerang         |       |       |     5 ||     5
 Cast: Foxfire           |    40 |    47 |    36 ||   123
       Scorch            |    18 |    64 |    37 ||   119
       Flame Wave        |       |     2 |     7 ||     9
       Searing Ray       |       |     2 |       ||     2
 Abil: Breathe Steam     |       |       |     8 ||     8
  Use: Scroll            |     2 |    14 |     4 ||    20
       Potion            |     1 |     1 |     5 ||     7
 Stab: Sleeping          |       |       |     8 ||     8
Armor: Skin              |    43 |    63 |   183 ||   289
Dodge: Dodged            |    72 |   108 |   352 ||   532

Table legend: (Time is in decaauts)
 A = Elapsed time spent in this place.
 B = Non-inter-level travel time spent in this place.
 C = Inter-level travel time spent in this place.
 D = Time resting spent in this place.
 E = Time spent auto-exploring this place.
 F = Levels seen in this place.
 G = Mean time per level.
                   A        B        C        D        E       F      G
               +--------+--------+--------+--------+--------+-----+--------+
         Total |  10063 |   9874 |    189 |   1688 |   5965 |   8 | 1257.9 |
       Dungeon |   9471 |   9282 |    189 |   1649 |   5643 |   7 | 1353.0 |
       Ossuary |    591 |    591 |      0 |     39 |    322 |   1 |  591.0 |
               +--------+--------+--------+--------+--------+-----+--------+

Top non-repeatable levels by time:
     D:4: 1742 daAuts
     D:1: 1711 daAuts
     D:5: 1516 daAuts
     D:7: 1276 daAuts
     D:2: 1260 daAuts
     D:6: 1229 daAuts
     D:3: 736 daAuts
 Ossuary: 591 daAuts
